 Dungeon Crawl Stone Soup version 0.29.1-15-g9cfb28693d (webtiles) character file.

Game seed: 9286830155234963457

382 redmage the Digger (level 7, -5/50 HPs)
             Began as a Meteoran Earth Elementalist on Sept 7, 2023.
             Slain by a gnoll sergeant
             ... wielding a +1 spear of distortion
              (14 damage)
             ... on level 5 of the Dungeon.
             The game lasted 00:08:19 (682 turns).

redmage the Digger (Meteoran Earth Elementalist)     Turns: 682, Time: 00:08:20

Health: -5/50      AC: -2    Str: 10    XL:     7   Next: 26%
Magic:  12/16      EV: 12    Int: 19    God:
Gold:   52         SH:  0    Dex: 14    Spells: 10/16 levels left

rFire   . . .      SeeInvis .   h - +2 spear (flame)
rCold   . . .      Faith    .   (no shield)
rNeg    + . .      Spirit   .   a - +0 robe
rPois   .          Reflect  .   (no helmet)
rElec   .          Harm     .   (no cloak)
rCorr   .          Rampage  .   (no gloves)
Will    .....                   (no boots)
Stlth   +.........              (no amulet)
HPRegen 0.16/turn               e - ring of positive energy
MPRegen 0.15/turn               (no ring)

@: lethally poisoned (-5 -> -10), corroded, glowing
A: sense surroundings 1, otherworldly, glowing, explore regen
a: no special abilities


You were on level 5 of the Dungeon.
You visited 2 branches of the dungeon, and saw 7 of its levels.

You collected 107 gold pieces.
You spent 55 gold pieces at shops.

Inventory:

Hand Weapons
 h - a +2 spear of flaming (weapon)
Armour
 a - a +0 robe (worn)
Jewellery
 e - a ring of positive energy (left hand)
Scrolls
 c - a scroll of enchant weapon
 f - a scroll of silence
 k - a scroll of fog {unknown}
 n - a scroll of summoning {unknown}
Potions
 b - a potion of magic
 d - 2 potions of mutation {unknown}
 g - a potion of curing
 i - a potion of attraction
 l - a potion of flight {unknown}
 m - a potion of lignification {unknown}


   Skills:
 - Level 2.4 Dodging
 - Level 1.4 Stealth
 + Level 5.3 Spellcasting
 * Level 4.1 Conjurations
 - Level 1.2 Transmutations
 + Level 5.9 Earth Magic


You had 10 spell levels left.
You knew the following spells:

 Your Spells              Type           Power      Damage    Failure   Level
a - Sandblast             Erth           54%        2d13      1%          1
b - Passwall              Tmut/Erth      15%        N/A       4%          2
c - Stone Arrow           Conj/Erth      48%        3d10      4%          3

Your spell library contained the following spells:

 Spells                   Type           Power      Damage    Failure   Level
 Summon Small Mammal      Summ           20%        N/A       12%         1
 Petrify                  Tmut/Erth      18%        N/A       26%         4
 Call Canine Familiar     Summ           5%         N/A       34%         3
 Summon Guardian Golem    Hex/Summ       5%         N/A       34%         3


Dungeon Overview and Level Annotations

Branches:
Dungeon (6/15) Zot: 2940   Temple (1/1) D:5 Zot: 542

Altars:
Dithmenos
Elyvilon
Fedhas
Hepliaklqana
Makhleb
Vehumet
Wu Jian
Yredelemnul
The Shining One

Shops:
D:3 *


Innate Abilities, Weirdness & Mutations

You passively map a small area around you.
You are easily found by Zot.
You glow in the dark.
You regain HP and MP as you explore.


Message History

The jelly is severely wounded.
The jelly hits you. The acid corrodes you!
You are splashed with acid!
Unknown command.
Casting: Sandblast (safe; 1% risk of failure)
Confirm with . or Enter, or press ? or * to list all spells.
Aiming: Sandblast (safe; 1% risk of failure)
Press: ? - help, Shift-Dir - straight line, f/p - jelly
Aim: a jelly (severely wounded, 100% to hit)
The blast of sand hits the jelly!
You kill the jelly!
The scorpion closely misses you.
Unknown command.
Casting: Sandblast (safe; 1% risk of failure)
Confirm with . or Enter, or press ? or * to list all spells.
Aiming: Sandblast (safe; 1% risk of failure)
Press: ? - help, Shift-Dir - straight line, f - scorpion
Aim: a scorpion (83% to hit)
The blast of sand hits the scorpion but does no damage.
The scorpion stings you.
You are poisoned.
The scorpion poisons you!
The gnoll sergeant hits you from afar with a +1 spear of distortion!
You blink. 2 gnolls come into view.
As you read the scroll labelled ETZA TUGA NUPP, it crumbles to dust.
It is a scroll of enchant weapon.
Your +1 spear of flaming glows red for a moment.
You feel sick. The gnoll hits you with a +0 club!
* * * LOW HITPOINT WARNING * * *
The gnoll sergeant barely misses you.
Unknown command.
As you read the scroll labelled UDAEKK NAENK, it crumbles to dust.
It is a scroll of amnesia.
Really abort (and waste the scroll)?
Okay, then.
You feel sick.
The gnoll shouts! x2
The gnoll misses you.
The gnoll sergeant hits you from afar with a +1 spear of distortion!
You die...

...##....#, , , *
.....>.###.. ###
### ..# ######.#
#...#.. ..#..)#
#.###...#.. ..#...#
#..##......*......#
##.##......#......#
#.##.g.....($....#
#.##.....g.......#
#..#######@# *
##....§sgg.#
###########


You could see a gnoll sergeant, a scorpion and 3 gnolls.

Vanquished Creatures
  A water moccasin (D:5)
  A centaur (D:6)
  A scorpion (D:5)
  A jelly (D:5)
  A gnoll (D:5)
  5 adders
  2 dart slugs (D:3)
  An orc (D:3)
  3 ball pythons (D:1)
  4 endoplasms (D:1)
  2 giant cockroaches (D:1)
  A goblin (D:1)
  4 hobgoblins
  7 jackals
  7 kobolds
  A quokka (D:1)
  3 bats
  2 frilled lizards
  4 rats (D:1)
51 creatures vanquished.

Notes
Turn   | Place    | Note
-------+----------+-------------------------------------------
     0 | D:1      | redmage the Meteoran Earth Elementalist began the quest for
                  | the Orb.
     0 | D:1      | Reached XP level 1. HP: 14/14 MP: 5/5
    32 | D:1      | Reached XP level 2. HP: 20/20 MP: 2/7
    92 | D:1      | Reached XP level 3. HP: 26/26 MP: 4/8
    96 | D:1      | Learned a level 2 spell: Passwall
   100 | D:1      | Learned a level 3 spell: Stone Arrow
   258 | D:3      | Reached XP level 4. HP: 33/33 MP: 7/10
   374 | D:3      | Reached skill level 5 in Earth Magic
   377 | D:3      | Reached XP level 5. HP: 38/38 MP: 9/12
   385 | D:3      | Found Qiapteto's Assorted Antiques.
   423 | D:3      | Bought a scroll labelled NUOHIS FYEN for 19 gold pieces
   423 | D:3      | Bought a scroll labelled ETZA TUGA NUPP for 19 gold pieces
   423 | D:3      | Bought a coppery potion for 17 gold pieces
   494 | D:5      | Entered Level 5 of the Dungeon
   499 | D:5      | Found a staircase to the Ecumenical Temple.
   501 | D:5      | Noticed a water moccasin
   504 | D:5      | Killed a water moccasin
   505 | D:5      | Reached XP level 6. HP: 45/45 MP: 9/14
   512 | Temple   | Entered the Ecumenical Temple
   609 | D:5      | Reached skill level 5 in Spellcasting
   650 | D:6      | Noticed a centaur
   654 | D:6      | Killed a centaur
   655 | D:6      | Reached XP level 7. HP: 50/50 MP: 4/15
   682 | D:5      | Slain by a gnoll sergeant

Illustrated notes

Levels and vault maps discovered:
D:1:      ncdulo_lavacross, layout_loops_ring, nicolae_eternal_life
D:2:      layout_loops_corners, serial_shops, nicolae_shop_hallway_plus, shop,
          shop, nicolae_shop_waterfront, shop,
          shapermc_ecumenical_altar_starsandcircs
D:3:      layout_loops_ring, led_sif_book, serial_shops, shop_fountains
D:4:      layout_loops_cross, nicolae_uskayaw_en_pointe,
          nicolae_ashenzari_panopticon, trog_three_pillars_becter
D:5:      layout_basic, pdpol_temple_overflow_zin_treasury_gozag_greed,
          minmay_temple_entry_junction,
          hangedman_abyss_or_decor_jellyfish_corner, corexii_hall_statues_x,
          kennysheep_generic_room_16
D:6:      layout_loops_ring, lemuel_crystal_altar, gammafunk_ghost_arena,
          uniq_pikel, uniq_sigmund
Temple:   nicolae_temple_figure_zero

Skill      XL: |  1  2  3  4  5  6  7 |
---------------+----------------------+-----
Spellcasting   | 3 4 5 |  5.3
Earth Magic    | 4 5 |  5.9
Conjurations   | 2 3 4 |  4.1
Dodging        | |  2.4
Stealth        | |  1.4
Transmutations | |  1.2

Action                   |  1- 3 |  4- 6 |  7- 9 || total
-------------------------+-------+-------+-------++-------
 Cast: Sandblast         |    39 |    27 |     4 ||    70
       Passwall          |     1 |     1 |       ||     2
       Stone Arrow       |       |     6 |       ||     6
  Use: Scroll            |       |     4 |     2 ||     6
Armor: Robe              |     3 |     7 |       ||    10
Dodge: Dodged            |     7 |     6 |     3 ||    16
